 Dungeon Crawl Stone Soup version 0.18-a0-1514-g6ed9364 (webtiles) character file.

3129 MenacingMecha the Severer (level 9, -1/70 HPs)
             Began as a Hill Orc Gladiator on Mar 6, 2016.
             Was a Priest of Qazlal.
             Slain by a wight
             ... wielding a +3 spear of freezing
              (4 damage)
             ... on level 7 of the Dungeon.
             The game lasted 00:51:54 (8606 turns).

MenacingMecha the Severer (Hill Orc Gladiator)      Turns: 8606, Time: 00:51:54

Health: -1/70      AC: 11    Str: 21    XL:     9   Next: 92%
Magic:  11/11      EV:  7    Int:  8    God:    Qazlal [***...]
Gold:   168        SH:  0    Dex: 13    Spells: 0 memorised, 8 levels left

rFire  . . .     SeeInvis .     B - +0 war axe (drain)
rCold  . . .     Gourm    .     u - +0 chain mail
rNeg   . . .     Faith    .     (no shield)
rPois  .         Spirit   .     t - +2 helmet of Eckis {MR+ Dex+2}
rElec  .         Dismiss  .     (no cloak)
rCorr  .         Reflect  .     (no gloves)
SustAt .         Harm     .     (no boots)
MR     +....                    (no amulet)
Stlth  ..........               (no ring)
                                (no ring)

@: confused, heavily drained, somewhat resistant to hostile enchantments,
extremely unstealthy
A: no striking features
a: Upheaval, Elemental Force, Renounce Religion


You were on level 7 of the Dungeon.
You worshipped Qazlal.
Qazlal was most pleased with you.
You were not hungry.

You visited 1 branch of the dungeon, and saw 8 of its levels.

You collected 421 gold pieces.
You spent 253 gold pieces at shops.

Inventory:

Hand Weapons
 B - a +0 war axe of draining (weapon)
Missiles
 d - 3 throwing nets
 n - 8 tomahawks (quivered)
Armour
 t - the +2 helmet of Eckis (worn) {MR+ Dex+2}
   (You bought it in a shop on level 4 of the Dungeon)

   It affects your dexterity (+2).
   It affects your resistance to hostile enchantments.
 u - a +0 chain mail (worn)
Jewellery
 g - a cursed ring of loudness {unknown}
 r - a +2 amulet of reflection {unknown}
 x - a cursed amulet of inaccuracy {unknown}
 F - the amulet "Laocer" {Inacc Dex+3 Stlth+, unknown}
   (You found it on level 7 of the Dungeon)

   [amulet of inaccuracy]

   It reduces the accuracy of all your attacks.
   It affects your dexterity (+3).
   It makes you more stealthy.
 G - an uncursed ring of sustain attributes {unknown}
Wands
 z - a wand of flame (23/48)
 D - a wand of flame (18/48)
Scrolls
 c - a scroll of magic mapping {unknown}
 e - 5 scrolls of amnesia {unknown}
 h - 3 scrolls of immolation {unknown}
 i - a scroll of recharging {unknown}
 j - 3 scrolls of identify {unknown}
 l - 5 scrolls of teleportation {unknown}
 q - a scroll of enchant weapon {unknown}
 s - 3 scrolls of fog {unknown}
 w - a scroll of fear {unknown}
 y - a scroll of random uselessness {unknown}
 A - a scroll of noise {unknown}
Potions
 a - a potion of invisibility {unknown}
 b - 2 potions of flight {unknown}
 k - a potion of cancellation {unknown}
 m - a potion of heal wounds
 o - a potion of lignification {unknown}
 C - a potion of berserk rage {unknown}
 H - a potion of magic {unknown}
Comestibles
 f - 9 bread rations
 v - a meat ration
 E - a chunk of flesh


   Skills:
 + Level 3.4(1.5) Fighting
 - Level 16.1(13.4) Axes
 - Level 1.7(0.0) Throwing
 + Level 2.1(0.3) Armour
 - Level 2.4(0.5) Dodging
 + Level 2.7(0.9) Invocations


You had 8 spell levels left.
You didn't know any spells.

Dungeon Overview and Level Annotations

Branches:
Dungeon (8/15)             Temple (0/1) D:5
   Lair: D:8-11

Altars:
Elyvilon
Fedhas
Kikubaaqudgha
Nemelex Xobeh
Pakellas
Qazlal
Ru
Vehumet
Xom
Yredelemnul
The Shining One

Shops:
D:4 !*}(!   D:7 ?

Annotations:
D:8 exclusion: 2 oklob plants


Message History

You barely miss the wight.
The wight is severely damaged.
You closely miss the wight. The wight barely misses you.
The wight hits you from afar with an enchanted halberd!
* * * LOW HITPOINT WARNING * * *
You feel drained.
* * * LOW HITPOINT WARNING * * *
The wight hits you but does no damage.
Drink which item? (? for menu, Esc to quit)
You are confused.
You feel invigorated. The wight hits you but does no damage.
The wight hits you from afar with an enchanted halberd.
* * * LOW HITPOINT WARNING * * *
The wight barely misses you.
You bump into the rock wall.
The wight hits you with an enchanted halberd.
* * * LOW HITPOINT WARNING * * *
The wight barely misses you.
The wight hits you with a spear of freezing.
You die...

###.........###### #.)...#
# #..........[...# ###.###
###..#.#....####<# #.#
..'..#...#.## #.# #.#
###.####...# #.# #.# #
#..#...#.# #.# #.#
###..#.#.#.# #.# #)#
.......#...# #z# #.#
#####.##..## #@# ####.#
#.##..# ####z# #..).#
#.##..# #..z.# #.####
#.##..# #.##.# #.#
#.##.####'#### #.#
#####....#.......##### #.#
....(###.#.⌠...⌠.#.[[###.#
###......#.......#.#.....#
##.###.'...⌠..)'.#######


You could see 3 wights.

Vanquished Creatures
  A spriggan (D:7)
  Eustachio (D:6)
  Edmund (D:6)
  Menkaure (D:6)
  A sky beast (D:7)
  A necrophage (D:7)
  5 ogres
  A centaur (D:7)
  4 giant frogs
  A scorpion (D:6)
  A water moccasin skeleton (D:5)
  11 wights
  2 howler monkeys (D:7)
  A crimson imp (D:7)
  A giant frog zombie (D:7)
  3 hounds
  2 jellies (D:7)
  4 orc priests
  A gnoll shaman (D:6)
  2 iguanas
  7 orc wizards
  4 worker ants
  A hound zombie (D:7)
  10 gnolls
  8 adders
  A shadow imp (D:7)
  2 oozes
  An adder skeleton (D:5)
  3 dart slugs
  2 giant geckos
  27 orcs
  3 bat zombies (D:6)
  6 giant cockroaches
  2 goblins (D:2)
  8 hobgoblins
  10 jackals
  3 quokkas
  7 bats
  A giant cockroach zombie (D:6)
  3 giant newts
  A jackal skeleton (D:4)
  11 kobolds
  A quokka skeleton (D:5)
  2 rats (D:1)
  2 rat zombies (D:6)
  A spectral orc (D:7)
172 creatures vanquished.

Notes
Turn   | Place    | Note
--------------------------------------------------------------
     0 | D:1      | MenacingMecha the Hill Orc Gladiator began the quest for the Orb.
     0 | D:1      | Reached XP level 1. HP: 18/18 MP: 1/1
    99 | D:1      | Found a sparkling altar of Nemelex Xobeh.
   372 | D:1      | Reached XP level 2. HP: 25/25 MP: 2/2
   713 | D:1      | Reached skill level 5 in Axes
  1170 | D:2      | Reached XP level 3. HP: 21/30 MP: 3/3
  1523 | D:2      | Reached skill level 6 in Axes
  1539 | D:2      | Reached XP level 4. HP: 13/37 MP: 4/4
  2287 | D:2      | Found a stormy altar of Qazlal.
  2296 | D:2      | Became a worshipper of Qazlal Stormbringer
  2405 | D:3      | Found a glowing golden altar of the Shining One.
  3001 | D:3      | Reached skill level 7 in Axes
  3001 | D:3      | Reached XP level 5. HP: 23/42 MP: 5/5
  3281 | D:3      | Reached skill level 8 in Axes
  3904 | D:4      | Found Bymuomat's Assorted Antiques.
  4038 | D:4      | Found Yruucyc's Antique Weapon Shoppe.
  4104 | D:4      | Found Xijag's Distillery.
  4137 | D:4      | Bought a faintly humming helmet for 180 gold pieces
  4147 | D:4      | Identified the +2 helmet of Eckis {MR+ Dex+2} (You bought it in a shop on level 4 of the Dungeon)
  4211 | D:4      | Reached XP level 6. HP: 47/50 MP: 6/6
  4342 | D:4      | Found Ceoh's Gadget Emporium.
  4388 | D:4      | Reached * piety under Qazlal
  4392 | D:4      | Reached skill level 9 in Axes
  4475 | D:4      | Found an oddly glowing altar of Pakellas.
  4504 | D:4      | Found Fani's Distillery.
  4729 | D:4      | Found a white marble altar of Elyvilon.
  4733 | D:4      | Found a shimmering altar of Xom.
  4803 | D:4      | Found a radiant altar of Vehumet.
  4857 | D:5      | Entered Level 5 of the Dungeon
  4892 | D:5      | Found a sacrificial altar of Ru.
  4951 | D:5      | Reached skill level 10 in Axes
  4951 | D:5      | Reached XP level 7. HP: 14/56 MP: 7/7
  5196 | D:5      | Found a staircase to the Ecumenical Temple.
  5845 | D:5      | Reached skill level 11 in Axes
  5858 | D:4      | Bought a runed war axe for 73 gold pieces
  5926 | D:6      | Noticed Eustachio
  6042 | D:5      | Reached XP level 8. HP: 62/62 MP: 8/8
  6131 | D:6      | Reached skill level 12 in Axes
  6336 | D:6      | Killed Eustachio
  6336 | D:6      | Reached skill level 13 in Axes
  6381 | D:6      | Reached ** piety under Qazlal
  6590 | D:6      | Noticed Edmund
  6601 | D:6      | Killed Edmund
  6602 | D:6      | Found an ancient bone altar of Kikubaaqudgha.
  6683 | D:6      | Noticed Menkaure
  6688 | D:6      | Killed Menkaure
  6688 | D:6      | Reached skill level 14 in Axes
  6832 | D:6      | Reached XP level 9. HP: 53/68 MP: 9/9
  7303 | D:7      | Found Pibuz's Magic Scroll Shop.
  7393 | D:7      | Reached skill level 15 in Axes
  8044 | D:7      | Got a serpentine bronze amulet
  8047 | D:7      | Found a blossoming altar of Fedhas.
  8066 | D:7      | Reached *** piety under Qazlal
  8148 | D:7      | Reached skill level 16 in Axes
  8172 | D:7      | Found a basalt altar of Yredelemnul.
  8176 | D:7      | Reached skill level 1 in Invocations
  8244 | D:7      | Reached skill level 1 in Armour
  8517 | D:8      | Noticed an oklob plant
  8546 | D:8      | Noticed an oklob plant
  8606 | D:7      | HP: 3/70 [wight/enchanted halberd (4)]
  8606 | D:7      | Slain by a wight

Vault maps used:
D:1:      minmay_arrival_solitary_statue, serial_forest,
          infiniplex_forest_end_2, infiniplex_forest_clump_small,
          infiniplex_forest_split, infiniplex_forest_lined_2,
          infiniplex_forest_lined_1, infiniplex_forest_clump_diagonal,
          minmay_misc_feat_columns, minmay_strange_pillars, minivault_5,
          nemelex_xobeh_ov_fountains_minmay
D:2:      lemuel_coloured_pillars_altar
D:3:      lemuel_round_altar, feat_on_display
D:4:      kennysheep_mini_moat, minmay_overflow_temple_star_quad, first_bread,
          serial_shops, nicolae_shop_stone, shop, nicolae_shop_trees, shop,
          nicolae_shop_waterfront, minmay_crystal_water
D:5:      lemuel_round_altar, minmay_temple_entry_crystal_x,
          minmay_crystal_room, dk_rats_in_the_wall
D:6:      lemuel_zombie_altar_kikubaaqudgha, uniq_edmund, uniq_menkaure,
          uniq_eustachio
D:7:      lemuel_doored_altar, yredelemnul_forgotten_temple_becter,
          serial_shops, nicolae_shop_behind_doors, the_bakery,
          minmay_fountain_box
D:8:      disabler_island

Skill      XL: |  1  2  3  4  5  6  7  8  9 |
---------------+----------------------------+-----
Axes           | 5 6 7 8 10 11 14 16 | 16.1
Invocations    | 2 |  2.7
Fighting       | 3 |  3.4
Armour         | 2 |  2.1
Throwing       | |  1.7
Dodging        | |  2.4

Action                   |  1- 3 |  4- 6 |  7- 9 || total
-------------------------+-------+-------+-------++-------
Melee: War axe           |    99 |    85 |   313 ||   497
       Hand axe          |       |   175 |    82 ||   257
Throw: Tomahawk          |       |       |     4 ||     4
Invok: Upheaval          |       |       |     1 ||     1
  Use: Potion            |       |       |     3 ||     3
  Eat: Chunk             |     2 |    10 |     7 ||    19
       Meat ration       |       |     1 |     1 ||     2
